 Dungeon Crawl Stone Soup version 0.22-a0-409-gb855193 (webtiles) character file.

931 4thArraOfDagon the Firebug (level 8, -1/46 HPs)
             Began as an Octopode Fire Elementalist on May 10, 2018.
             Was a Follower of Vehumet.
             Slain by a centaur (9 damage)
             ... on level 6 of the Dungeon.
             The game lasted 00:10:04 (3308 turns).

4thArraOfDagon the Firebug (OpFE)                   Turns: 3308, Time: 00:10:05

Health: -1/46      AC:  1    Str:  8    XL:     8   Next: 11%
Magic:  11/14      EV: 13    Int: 24    God:    Vehumet [*.....]
Gold:   202        SH:  0    Dex: 12    Spells: 7/15 levels left

rFire    . . .     SeeInvis +   s - +2 flail (holy)
rCold    . . .     Gourm    .   (no shield)
rNeg     . . .     Faith    .   (helmet restricted)
rPois    .         Spirit   .   (no amulet)
rElec    .         Reflect  .   a - ring of see invisible
rCorr    .         Harm     .   (no ring)
MR       .....                  (no ring)
Stlth    +++.......             (no ring)
HPRegen  0.15/turn              (no ring)
MPRegen  0.14/turn              (no ring)
                                (no ring)
                                (no ring)

@: brilliant
A: almost no armour, stealthy swim, amphibious, 8 rings, constrict 8, camouflage
1, gelatinous body 1
a: Renounce Religion


You were on level 6 of the Dungeon.
You worshipped Vehumet.
Vehumet was aware of your devotion.
You were not hungry.

You visited 1 branch of the dungeon, and saw 6 of its levels.

You collected 202 gold pieces.

Inventory:

Hand Weapons
 r - a +2 quarterstaff of chaos
 s - a +2 flail of holy wrath (weapon)
Missiles
 t - a throwing net (quivered)
Jewellery
 a - a ring of see invisible (left tentacle)
 v - an uncursed ring of magical power {unknown}
Wands
 w - a wand of clouds (8)
Scrolls
 e - 2 scrolls of remove curse {unknown}
 f - a scroll of magic mapping {unknown}
 i - 2 scrolls of fear {unknown}
 j - a scroll of enchant weapon {unknown}
 k - 2 scrolls of noise {unknown}
 n - 4 scrolls of identify {unknown}
 p - a scroll of random uselessness {unknown}
 q - 3 scrolls of teleportation {unknown}
 u - a scroll of blinking {unknown}
Potions
 c - a potion of curing {unknown}
 d - a potion of heal wounds {unknown}
 g - 2 potions of brilliance
 h - a potion of berserk rage {unknown}
 l - 2 potions of flight {unknown}
 m - a potion of degeneration {unknown}
 o - a potion of haste {unknown}
Comestibles
 b - 7 rations


   Skills:
 - Level 2.0 Dodging
 - Level 2.6 Stealth
 + Level 4.0 Spellcasting
 * Level 5.7 Conjurations
 * Level 6.4 Fire Magic


You had 7 spell levels left.
You knew the following spells:

 Your Spells              Type           Power        Failure   Level  Hunger
a - Flame Tongue          Conj/Fire      #####        1%          1    None
b - Conjure Flame         Conj/Fire      #####...     1%          3    ##.....
c - Sticky Flame          Conj/Fire      #####...     1%          4    ####...


Dungeon Overview and Level Annotations

Branches:
Dungeon (6/15)
 Temple: D:4-7

Altars:
Dithmenos
Elyvilon
Fedhas
Hepliaklqana
Uskayaw
Vehumet
Yredelemnul


Innate Abilities, Weirdness & Mutations

You cannot wear most types of armour.
You are very stealthy in the water. (Stealth+)
You are amphibious.
You can wear up to eight rings at the same time.
You can use your tentacles to constrict eight enemies at once.
Your skin changes colour to match your surroundings (Stealth+).
Your rubbery body absorbs attacks. (AC +1, EV +1)


Message History

The worker ant is heavily wounded.
The worker ant is covered in liquid flames!
The worker ant burns!
The worker ant barely misses you.
Unknown command.
You completely miss the worker ant. You grab the worker ant.
The worker ant is heavily wounded.
You constrict the worker ant.
The worker ant burns! x2
You kill the worker ant!
Vehumet accepts your kill.
You feel your power returning.
The centaur shoots an arrow.
The arrow hits you!
The centaur shoots an arrow.
The arrow hits you!
The centaur unwields an uncursed shortbow.
The centaur hits you.
* * * LOW HITPOINT WARNING * * *
You see here a worker ant corpse.
Unknown command.
It was a potion of brilliance.
You feel clever all of a sudden. The centaur hits you!
You die...

+............
#.....##.## #####.....#
........# #..####
........# #....#
......c.# ##..#.# #
.....)..# #<#.#.# .#
....$.a.# #(#..^# .#
........# #@#..## ..#
........# #c...###..####
.).....$######.........#
........(.ca...........#
........#######........#
........# #.........
..####### ##..#.###' #
#...... ##.#...o


You could see a centaur.

Vanquished Creatures
  2 ogres
  A phantom (D:4)
  2 scorpions (D:5)
  2 crimson imps (D:5)
  A centaur skeleton (D:5)
  2 orc priests (D:3)
  2 hounds
  Crazy Yiuf (D:2)
  Terence (D:2)
  4 worker ants
  2 iguanas (D:5)
  A howler monkey zombie (D:5)
  3 gnolls (D:5)
  3 adders
  An ooze (D:6)
  3 worms
  2 dart slugs
  3 leopard geckos
  4 orcs
  7 giant cockroaches
  6 goblins
  12 hobgoblins
  3 jackals (D:2)
  A quokka (D:3)
  2 ball pythons (D:5)
  4 bats
  A frilled lizard (D:1)
  8 kobolds
  9 rats
93 creatures vanquished.

Notes
Turn   | Place    | Note
-------+----------+-------------------------------------------
     0 | D:1      | 4thArraOfDagon the Octopode Fire Elementalist began the quest for the Orb.
     0 | D:1      | Reached XP level 1. HP: 11/11 MP: 3/3
    15 | D:2      | Noticed Terence
    53 | D:2      | Reached XP level 2. HP: 8/17 MP: 1/5
   195 | D:2      | Reached XP level 3. HP: 9/21 MP: 0/6
   206 | D:2      | Learned a level 3 spell: Conjure Flame
   326 | D:3      | Noticed an ogre
   368 | D:3      | Reached XP level 4. HP: 12/27 MP: 3/7
   493 | D:3      | Killed an ogre
   493 | D:3      | Reached skill level 4 in Fire Magic
   493 | D:3      | Reached XP level 5. HP: 23/31 MP: 0/9
   520 | D:3      | Learned a level 4 spell: Sticky Flame
   522 | D:4      | Found a blossoming altar of Fedhas.
   529 | D:4      | Found a white marble altar of Elyvilon.
   544 | D:4      | Noticed an ogre
   657 | D:4      | Killed an ogre
   657 | D:4      | Reached XP level 6. HP: 36/36 MP: 4/10
   686 | D:4      | Found a radiant altar of Vehumet.
   700 | D:4      | Became a worshipper of Vehumet
   724 | D:4      | Found a basalt altar of Yredelemnul.
   753 | D:4      | Found a hazy altar of Hepliaklqana.
   797 | D:5      | Entered Level 5 of the Dungeon
  1849 | D:2      | Found a runed door.
  1901 | D:2      | Killed Terence
  1901 | D:2      | Reached skill level 5 in Fire Magic
  2125 | D:2      | Noticed Crazy Yiuf
  2135 | D:2      | Killed Crazy Yiuf
  2327 | D:3      | Reached * piety under Vehumet
  2327 | D:3      | Offered knowledge of Magic Dart by Vehumet.
  2406 | D:3      | Reached XP level 7. HP: 25/41 MP: 8/12
  2695 | D:5      | Found a hide-covered altar of Uskayaw.
  2773 | D:5      | Reached skill level 5 in Conjurations
  2783 | D:5      | Found a shadowy altar of Dithmenos.
  2904 | D:5      | Reached skill level 6 in Fire Magic
  3138 | D:5      | Reached XP level 8. HP: 32/46 MP: 8/14
  3308 | D:6      | Slain by a centaur

Vault maps used:
D:1:      lemuel_arrival_broad_hall
D:2:      chequers_big_river, uniq_crazy_yiuf_cottage, uniq_terence
D:4:      old_standard_altar, lemuel_crystal_altar, vehumet_crystals,
          nicolae_overflow_crystal_walls, kennysheep_mini_moat, first_ration,
          minivault_11
D:5:      overflow_temple_1_default, grunt_dithmenos_smoke_and_mirrors,
          moated_statue, nrook_mini_backslash, minivault_19
D:6:      minmay_temple_entry_junction, basic_altar, minivault_5

Skill      XL: |  1  2  3  4  5  6  7 |
---------------+----------------------+-----
Conjurations   | 2 3 4 5 |  5.7
Fire Magic     | 4 5 6 |  6.4
Spellcasting   | 3 4 |  4.0
Dodging        | |  2.0
Stealth        | |  2.6

Action                   |  1- 3 |  4- 6 |  7- 9 || total
-------------------------+-------+-------+-------++-------
Melee: Unarmed           |    22 |     4 |       ||    26
       Constrict         |     9 |    21 |     6 ||    36
       Tentacles         |     4 |     6 |     6 ||    16
       Mace              |       |    54 |       ||    54
       Flail             |       |    11 |    26 ||    37
 Cast: Flame Tongue      |    21 |    46 |    27 ||    94
       Conjure Flame     |       |     5 |     1 ||     6
       Sticky Flame      |       |     2 |     6 ||     8
  Use: Scroll            |     1 |       |       ||     1
       Potion            |       |       |     1 ||     1
 Stab: Sleeping          |       |     8 |     3 ||    11
  Eat: Chunk             |       |     6 |     4 ||    10
Armor: Skin              |     3 |     5 |     2 ||    10
Dodge: Dodged            |    19 |    47 |    22 ||    88

Table legend:
 A = Spawn XP
 B = Non-spawn XP
 C = Spawn XP percentage of total XP
 D = Spawn monster count
 E = Non-spawn monster count
 F = Spawn count percentage of total count
 G = Total turns spent on level
                    A         B        C        D         E        F      G
               +---------+---------+-------+---------+---------+-------+---------
         Total |       0 |    1331 |   0.0 |       0 |      93 |   0.0 |  3308
               +---------+---------+-------+---------+---------+-------+---------
           D:1 |       0 |      29 |   0.0 |       0 |      17 |   0.0 |   644
           D:2 |       0 |     141 |   0.0 |       0 |      27 |   0.0 |   840
           D:3 |       0 |     297 |   0.0 |       0 |      21 |   0.0 |   544
           D:4 |       0 |     286 |   0.0 |       0 |       6 |   0.0 |   570
           D:5 |       0 |     536 |   0.0 |       0 |      19 |   0.0 |   664
           D:6 |       0 |      42 |   0.0 |       0 |       3 |   0.0 |    46
               +---------+---------+-------+---------+---------+-------+---------
